 Dungeon Crawl Stone Soup version 0.31-a0-986-g5e6e4ef867 (webtiles) character file.

Game seed: 15393014779854783191

6356 Persephone the Bludgeoner (level 10, -7/97 HPs)
             Began as a Minotaur Monk on Nov 8, 2023.
             Was a Priest of the Shining One.
             Killed from afar by a raiju (17 damage)
             ... with a living lightning
             ... on level 1 of the Abyss.
             The game lasted 00:14:19 (9443 turns).

Persephone the Bludgeoner (Minotaur Monk)           Turns: 9443, Time: 00:14:20

Health: -7/97      AC: 12    Str: 20    XL:     10   Next: 65%
Magic:  0/9        EV:  8    Int:  7    God:    the Shining One [***...]
Gold:   345        SH:  0    Dex: 13    Spells: 9/9 levels left

rFire   . . .        y - +0 morningstar
rCold   + . .        d - orb {light}
rNeg    + + .        m - +0 shadow dragon scales
rPois   .            (helmet restricted)
rElec   .            q - +0 cloak
rCorr   .            (no gloves)
SInv    .            (no boots)
Will    .....        u - amulet of guardian spirit
Stlth   +            h - ring of positive energy
HPRegen 0.36/turn    k - ring of protection from cold
MPRegen 0.11/turn

%: guardian spirit
@: confused, glowing
A: horns 2, retaliatory headbutt
a: Renounce Religion, Divine Shield, Cleansing Flame


You were on level 1 of the Abyss.
You worshipped the Shining One.
The Shining One was most pleased with you.
You visited 1 branch of the dungeon, and saw 10 of its levels.
You visited the Abyss 1 time.

You collected 565 gold pieces.
You spent 220 gold pieces at shops.

Inventory:

Hand Weapons
 r - a +0 flail
 y - a +0 morningstar (weapon)
Armour
 d - an orb of light (worn)
 m - +0 shadow dragon scales (worn)
 q - a +0 cloak (worn)
Jewellery
 h - a ring of positive energy (left hand)
 k - a ring of protection from cold (right hand)
 u - an amulet of guardian spirit (around neck)
 C - a ring of poison resistance
Wands
 b - a wand of polymorph (7)
 g - a wand of iceblast (6)
 p - a wand of charming (8)
 s - a wand of flame (21)
 t - a wand of digging (3)
Scrolls
 e - 3 scrolls of fear
 f - a scroll of teleportation
 x - a scroll of immolation
 z - 2 scrolls of vulnerability
 B - 2 scrolls of revelation
 D - 2 scrolls of identify
 E - a scroll of torment {unknown}
Potions
 a - a potion of might
 c - a potion of ambrosia
 i - 3 potions of mutation
 l - a potion of cancellation
 n - a potion of degeneration
 o - 2 potions of magic
 v - a potion of haste {unknown}
 w - 2 potions of berserk rage
 A - a potion of lignification {unknown}
 F - a potion of enlightenment {unknown}


   Skills:
 + Level 11.8 Fighting
 * Level 15.8 Maces & Flails
 - Level 3.2 Dodging


You had 9 spell levels left.
You didn't know any spells.
Your spell library contained the following spells:

 Spells                   Type           Power      Damage    Failure   Level
 Tukima's Dance           Hex            0%         N/A       100%        3
 Dimensional Bullseye     Hex/Tloc       0%         N/A       100%        4
 Iskenderun's Mystic Bla  Conj/Tloc      0%         2d3       100%        4
 Chain Lightning          Conj/Air       0%         N/A       100%        9
 Fire Storm               Conj/Fire      0%         5d1       100%        9
 Shatter                  Erth           0%         3d5*      100%        9


Dungeon Overview and Level Annotations

Branches:
Dungeon (10/15)            Temple (0/1) D:7
   Lair: D:8-11         Orc: D:9-12

Altars:
Ashenzari
Gozag
Hepliaklqana
Nemelex Xobeh
Okawaru
Ru
Sif Muna
Uskayaw
Vehumet
Zin
The Shining One

Shops:
D:3 (   D:5 =

Annotations:
D:10 Sonja


Innate Abilities, Weirdness & Mutations

You have a pair of horns on your head.
You reflexively headbutt those who attack you in melee.


Message History

* * * LOW HITPOINT WARNING * * *
You feel better.
A golden eye comes into view.
The golden eye blinks at you. You resist with some effort.
The blizzard demon hits you.
* * * LOW HITPOINT WARNING * * *
The blizzard demon hits you but does no damage.
The golden eye blinks at you. You resist with almost no effort.
The golden eye blinks!
The blizzard demon hits you!
* * * LOW HITPOINT WARNING * * *
The blizzard demon hits you but does no damage.
An apocalypse crab comes into view.
You feel better.
The blizzard demon waves its arms in wide circles.
The air twists around and strikes you!
* * * LOW HITPOINT WARNING * * *
You feel better. The golden eye blinks at you. You resist with some effort.
The blizzard demon completely misses you.
You furiously retaliate!
You headbutt the blizzard demon!
The blizzard demon hits you but does no damage.
A golden eye comes into view.
The golden eye blinks at you. You resist with almost no effort.
As you read the scroll of teleportation, it crumbles to dust.
You feel strangely stable.
The golden eye turns its gaze towards you.
The golden eye blinks at you. You resist with almost no effort.
The golden eye blinks at you.
You are confused.
The blizzard demon hits you.
* * * LOW HITPOINT WARNING * * *
The blizzard demon hits you but does no damage.
The raiju bursts into living lightning!
The living lightning hits the blizzard demon.
The blizzard demon completely resists.
The living lightning hits you!
You die...

...... ##
....... ..#
....... ..#
.##.. ##..
#.###G.###
.#.##..# G
##.@2h##.##
#..##t....##
#..# #.....##
#...#.#...####.
# #.#. ####G...
.# #. ##
#§..##.# ..# #
##.....# .
...#...#
.#....§#


You could see a blizzard demon, an apocalypse crab, a raiju and a golden eye.

Vanquished Creatures
  Pikel (D:7)
  Jeremiah (D:8)
  3 red devils (D:8)
  2 wyverns (D:8)
  6 yaks (D:8)
  Menkaure (D:5)
  Duvessa (D:4)
  3 water moccasins
  5 black bears
  2 orc warriors
  2 ice beasts (D:6)
  A sky beast (D:8)
  2 ogres
  2 centaurs
  2 lemures (D:7)
  5 kobold brigands
  2 bullfrogs
  5 scorpions (D:5)
  A gnoll sergeant (D:9)
  Dowan (D:4)
  3 killer bees (D:10)
  2 howler monkeys (D:6)
  3 jellies
  6 orc priests
  4 hounds
  A sleepcap (D:6)
  Jessica (D:2)
  5 iguanas
  6 orc wizards
  6 adders
  3 gnolls (D:9)
  2 shadow imps
  2 ufetubi (D:7)
  2 worms (D:2)
  A dart slug (D:2)
  18 orcs
  6 bats
  2 endoplasms
  A giant cockroach (D:3)
  5 goblins
  8 hobgoblins
  47 kobolds
  7 quokkas
  8 ball pythons
  5 frilled lizards
  4 rats
206 creatures vanquished.

Notes
Turn   | Place    | Note
-------+----------+-------------------------------------------
     0 | D:1      | Persephone the Minotaur Monk began the quest for the Orb.
     0 | D:1      | Reached XP level 1. HP: 19/19 MP: 0/0
    94 | D:1      | Reached skill level 4 in Maces & Flails
   129 | D:1      | Reached XP level 2. HP: 27/27 MP: 1/1
   792 | D:2      | Noticed Jessica
   797 | D:2      | Killed Jessica
   798 | D:2      | Reached skill level 5 in Maces & Flails
   798 | D:2      | Reached XP level 3. HP: 27/34 MP: 2/2
   955 | D:2      | Reached XP level 4. HP: 41/41 MP: 3/3
  1285 | D:2      | Found a glowing golden altar of the Shining One.
  1390 | D:2      | Became a worshipper of the Shining One
  1390 | D:2      | Reached * piety under the Shining One
  1390 | D:2      | Reached ** piety under the Shining One
  1565 | D:3      | Found Gesecy's Weapon Boutique.
  1742 | D:3      | Found an iron altar of Okawaru.
  1985 | D:3      | Reached skill level 5 in Fighting
  1985 | D:3      | Reached skill level 6 in Maces & Flails
  1985 | D:3      | Reached XP level 5. HP: 26/48 MP: 4/4
  2646 | D:4      | Reached skill level 7 in Maces & Flails
  2646 | D:4      | Reached XP level 6. HP: 51/57 MP: 5/5
  2933 | D:4      | Noticed Duvessa
  2935 | D:4      | Noticed Dowan
  2942 | D:4      | Killed Duvessa
  2949 | D:4      | Killed Dowan
  2950 | D:4      | Reached skill level 8 in Maces & Flails
  3418 | D:5      | Entered Level 5 of the Dungeon
  3464 | D:5      | Reached XP level 7. HP: 53/64 MP: 6/6
  3791 | D:5      | Found a sacrificial altar of Ru.
  3793 | D:5      | Found a radiant altar of Vehumet.
  3817 | D:5      | Reached skill level 9 in Maces & Flails
  3891 | D:5      | Found Mumegi's Jewellery Shoppe.
  4088 | D:5      | Reached XP level 8. HP: 73/73 MP: 7/7
  4205 | D:5      | Reached skill level 10 in Maces & Flails
  4487 | D:5      | Found a broken altar of Ashenzari.
  4487 | D:5      | Found a shimmering blue altar of Sif Muna.
  4489 | D:5      | Found a hide-covered altar of Uskayaw.
  4521 | D:5      | Noticed Menkaure
  4526 | D:5      | Killed Menkaure
  4827 | D:6      | Reached skill level 11 in Maces & Flails
  4903 | D:6      | Found a sparkling altar of Nemelex Xobeh.
  4987 | D:6      | Reached skill level 12 in Maces & Flails
  4987 | D:6      | Reached XP level 9. HP: 70/83 MP: 8/8
  5830 | D:7      | Found a hazy altar of Hepliaklqana.
  6020 | D:7      | Noticed Pikel
  6029 | D:7      | Killed Pikel
  6030 | D:7      | Reached skill level 13 in Maces & Flails
  6078 | D:7      | Reached *** piety under the Shining One
  6079 | D:7      | Reached skill level 10 in Fighting
  6163 | D:7      | Found a staircase to the Ecumenical Temple.
  6560 | D:8      | Noticed Jeremiah
  6579 | D:8      | Killed Jeremiah
  6580 | D:8      | Reached skill level 14 in Maces & Flails
  6871 | D:8      | Noticed a red devil
  6891 | D:8      | Killed a red devil
  6892 | D:8      | Reached XP level 10. HP: 54/94 MP: 4/9
  7737 | D:8      | Reached skill level 15 in Maces & Flails
  7806 | D:8      | Found an opulent altar of Gozag.
  7806 | D:8      | Found a glowing silver altar of Zin.
  8012 | D:5      | Bought a ring of poison resistance for 220 gold pieces
  9223 | D:10     | Entered Level 10 of the Dungeon
  9223 | D:10     | Noticed Sonja
  9242 | Abyss:1  | Cast into level 1 of the Abyss (Sonja)
  9250 | Abyss:1  | Noticed a rakshasa
  9387 | Abyss:1  | Noticed an apocalypse crab
  9424 | Abyss:1  | Noticed a blizzard demon
  9439 | Abyss:1  | Noticed an apocalypse crab
  9440 | Abyss:1  | HP: 3/97 [blizzard demon/the air (10)]
  9443 | Abyss:1  | Killed from afar by a raiju

Illustrated notes

Levels and vault maps discovered:
D:1:      orjb1_clovarrival, layout_basic, grunt_decor_cap
D:2:      layout_basic, basic_altar, uniq_jessica
D:3:      layout_loops_cross, general_overflow_altar, serial_shops,
          nicolae_shop_bloodbath_and_beyond
D:4:      kennysheep_kobold_camp, layout_basic, minmay_liquid_box, uniq_duvessa
D:5:      layout_loops_corners, nicolae_overflow_hidden_temple, serial_shops,
          shop, uniq_menkaure
D:6:      layout_loops_cross, lemuel_round_altar, kennysheep_generic_room_4
D:7:      layout_basic, mainiacjoe_overflow_tiny_flanked,
          minmay_temple_entry_butterflies, uniq_pikel
D:8:      layout_loops_ring, grunt_temple_overflow_gold_and_silver,
          einodemon_armed_red_devil_minivault, uniq_jeremiah
D:9:      layout_irregular_city, serial_column_ruins,
          column_ruins_square_medium, column_ruins_square_small,
          column_ruins_open_tiny_water, column_ruins_open_small,
          column_ruins_grid_4
D:10:     layout_basic, mainiacjoe_overflow_chevrons, dpeg_oklobed_lair,
          serial_corexii_hall, corexii_hall_statues_x,
          chequers_hall_statues_wall_a, uniq_sonja, uniq_grum
Abyss:1:  base: D:3, hangedman_abyss_or_decor_clamps

Skill      XL: |  1  2  3  4  5  6  7  8  9 10 |
---------------+-------------------------------+-----
Maces & Flails | 4 5 6 7 8 9 12 14 15 | 15.8
Fighting       | 4 5 6 7 9 10 11 | 11.8
Dodging        | |  3.2

Action                     |  1- 3 |  4- 6 |  7- 9 | 10-12 || total
---------------------------+-------+-------+-------+-------++-------
  Melee: Mace              |    60 |    35 |       |       ||    95
         Headbutt          |     9 |    21 |    48 |    24 ||   102
         Flail             |       |    92 |   151 |       ||   243
         Morningstar       |       |       |    50 |   101 ||   151
 Invoke: Divine Shield     |       |       |     2 |     1 ||     3
    Use: Scroll            |       |     5 |     7 |     2 ||    14
         Potion            |       |       |       |     7 ||     7
 Armour: Robe              |     8 |       |       |       ||     8
         Ring mail         |    29 |       |       |       ||    29
         Shadow dragon sca |    10 |   106 |   173 |    99 ||   388
  Dodge: Dodged            |    43 |    55 |    66 |    43 ||   207
  Block: Orb               |       |       |     2 |     2 ||     4

Table legend: (Time is in decaauts)
 A = Elapsed time spent in this place.
 B = Non-inter-level travel time spent in this place.
 C = Inter-level travel time spent in this place.
 D = Time resting spent in this place.
 E = Time spent auto-exploring this place.
 F = Levels seen in this place.
 G = Mean time per level.
                   A        B        C        D        E       F      G
               +--------+--------+--------+--------+--------+-----+--------+
         Total |   9432 |   8608 |    824 |      0 |   7265 |  11 |  857.5 |
       Dungeon |   9231 |   8407 |    824 |      0 |   7184 |  10 |  923.1 |
         Abyss |    201 |    201 |      0 |      0 |     81 |   1 |  201.0 |
               +--------+--------+--------+--------+--------+-----+--------+

Top non-repeatable levels by time:
     D:5: 1431 daAuts
     D:8: 1295 daAuts
     D:7: 1246 daAuts
     D:4: 1221 daAuts
     D:2: 919 daAuts
     D:6: 897 daAuts
     D:9: 895 daAuts
     D:3: 750 daAuts
     D:1: 558 daAuts
 Abyss:1: 201 daAuts
    D:10: 15 daAuts
